 Dungeon Crawl Stone Soup version 0.32-a0-931-g5a2cda0630 (webtiles) character file.

Game seed: 6227680045346945246

122 Decritt the Trooper (level 5, 0/34 HPs)
             Began as a Gargoyle Fighter on Apr 13, 2024.
             Killed from afar by an orc wizard (4 damage)
             ... with a magic dart
             ... on level 3 of the Dungeon.
             The game lasted 00:04:17 (2142 turns).

Decritt the Trooper (Gargoyle Fighter)              Turns: 2142, Time: 00:04:18

Health: 0/34       AC: 13    Str: 22    XL:     5   Next: 6%
Magic:  5/5        EV:  8    Int:  8    God:
Gold:   126        SH:  4    Dex:  9    Spells: 4/4 levels left

rFire   . . .        a - +0 flail
rCold   . . .        c - +0 buckler
rNeg    + . .        b - +0 scale mail
rPois   ∞            (no helmet)
rElec   +            (no cloak)
rCorr   .            n - +1 pair of gloves
SInv    .            (no boots)
Will    .....        (no amulet) Stlth
                     (no ring)
HPRegen 0.25/turn    (no ring)
MPRegen 0.09/turn

%: no passive effects
@: mighty
A: sickness immunity, AC +4, negative energy resistance 1, electricity
resistance, torment resistance 1, petrification resistance
a: no special abilities


You were on level 3 of the Dungeon.
You visited 1 branch of the dungeon, and saw 3 of its levels.

You collected 126 gold pieces.

Inventory:

Hand Weapons
 a - a +0 flail (weapon)
Armour
 b - a +0 scale mail (worn)
 c - a +0 buckler (worn)
 n - a +1 pair of gloves (worn)
Jewellery
 m - an amulet of magic regeneration
Scrolls
 h - a scroll of amnesia {unknown}
 j - 2 scrolls of enchant armour
 k - a scroll of blinking
 o - a scroll of teleportation {unknown}
Potions
 e - a potion of heal wounds {unknown}
 f - a potion of haste
 g - a potion of cancellation {unknown}
 i - a potion of brilliance
 l - a potion of ambrosia {unknown}
 p - a potion of curing {unknown}


   Skills:
 * Level 4.4 Fighting
 * Level 3.3 Maces & Flails
 + Level 3.8 Armour
 + Level 3.8 Shields


You had 4 spell levels left.
You didn't know any spells.
Your spell library contained the following spells:

 Spells                   Type           Power      Damage    Failure   Level
 Static Discharge         Conj/Air       0%         3-3/arc   90%         2
 Airstrike                Air            0%         2d(0-16)  100%        4
 Summon Lightning Spire   Summ/Air       0%         N/A       100%        4


Dungeon Overview and Level Annotations

Branches:
Dungeon (3/15)

Altars:
Cheibriados
Nemelex Xobeh
Okawaru

Shops:
D:1 (   D:2 :


Innate Abilities, Weirdness & Mutations

You are immune to sickness and miasma.
Your stone body is resilient. (AC +4)
You are immune to poison.
You resist negative energy. (rN+)
You are resistant to electric shocks. (rElec)
You are resistant to unholy torment.
You are immune to petrification.


Message History

The orc hits you but does no damage. The orc wizard casts a spell at you.
You are confused.
In your confused state, you trip and fall back down the stairs.
The orc hits you but does no damage. The orc wizard barely misses you.
You miss the orc wizard. The orc hits you but does no damage.
The orc wizard hits you with a +0 dagger.
You barely miss the orc wizard. The orc hits you but does no damage.
The orc wizard gestures at you while chanting.
The magic dart hits you!
* * * LOW HITPOINT WARNING * * *
You closely miss the orc wizard. The orc hits you with a +0 mace.
* * * LOW HITPOINT WARNING * * *
The orc wizard casts a spell at you. You resist with some effort.
The orc attacks as it pursues you! The orc hits you with a +0 mace.
* * * LOW HITPOINT WARNING * * *
You are too confused!
You feel very mighty all of a sudden. The orc barely misses you.
The orc wizard hits you but does no damage.
You're too confused to move!
You feel less confused. The orc closely misses you.
You block the orc wizard's attack.
You sock the orc wizard!
The orc wizard is heavily wounded.
The orc barely misses you.
The orc wizard hits you but does no damage.
The orc hits you but does no damage.
The orc wizard hits you but does no damage.
You closely miss the orc wizard.
The orc wizard is heavily wounded.
The orc hits you but does no damage. You block the orc wizard's attack.
You closely miss the orc wizard.
The orc wizard is heavily wounded.
The orc hits you with a +0 mace.
* * * LOW HITPOINT WARNING * * *
The orc wizard casts a spell at you. The magic dart hits you.
You die...

###.# ### ##+## #.#
......######...## #)#
##..###.....#.....## ### #.#
...##.##..#........## ##.###.#
##..##...##...........####...##.#
...##.._..##..........'.......#.#
..##.^.....##.........####...#..#
.##..^.^...^##.o@....## ##.##.##
.#..^#####^..#.#
..###..#..###..##'#### #.#
......###.....# #.# .. #.#
..###......######.##.# o #.# ###
##.###.........#.# .o. #.# #.#
####.##...#.#..... .#
#.#....o......o


You could see an orc wizard and an orc.

Vanquished Creatures
  An orc wizard (D:2)
  4 adders
  2 ribbon worms (D:3)
  An orc (D:3)
  8 endoplasms
  3 giant cockroaches
  5 goblins
  4 hobgoblins
  4 jackals (D:1)
  3 quokkas
  3 ball pythons
  4 bats
  4 frilled lizards
  2 kobolds
  9 rats
57 creatures vanquished.

Notes
Turn   | Place    | Note
-------+----------+-------------------------------------------
     0 | D:1      | Decritt the Gargoyle Fighter began the quest for the Orb.
     0 | D:1      | Reached XP level 1. HP: 14/14 MP: 1/1
    37 | D:1      | Reached XP level 2. HP: 17/19 MP: 2/2
    81 | D:1      | Found Irrom's Weapon Boutique.
   387 | D:1      | Reached XP level 3. HP: 22/24 MP: 3/3
   697 | D:2      | Found a snail-covered altar of Cheibriados.
   712 | D:2      | Found Woag's Book Emporium.
  1002 | D:2      | Reached skill level 4 in Fighting
  1106 | D:2      | Reached XP level 4. HP: 29/29 MP: 4/4
  1591 | D:3      | Found an iron altar of Okawaru.
  1912 | D:3      | Found a sparkling altar of Nemelex Xobeh.
  1966 | D:2      | Reached XP level 5. HP: 20/34 MP: 5/5
  2142 | D:3      | Killed from afar by an orc wizard

Illustrated notes

Levels and vault maps discovered:
D:1:      kennysheep_arrival_forest, layout_rooms, serial_shops, shop
D:2:      layout_loops_ring, serial_shops, shop, basic_altar
D:3:      layout_loops_corners, nemelex_spade_bored_becter,
          nicolae_overflow_crystal_walls, lemuel_crystal_altar

Skill      XL: |  1  2  3  4 |
---------------+-------------+-----
Fighting       | 4 |  4.4
Maces & Flails | 3 |  3.3
Armour         | |  3.8
Shields        | |  3.8

Action                     |  1- 3 |  4- 6 || total
---------------------------+-------+-------++-------
  Melee: Flail             |   136 |    62 ||   198
    Use: Scroll            |       |     4 ||     4
         Potion            |       |     1 ||     1
 Armour: Scale mail        |    94 |    60 ||   154
  Dodge: Dodged            |    74 |    27 ||   101
  Block: Buckler           |    33 |    15 ||    48

Table legend: (Time is in decaauts)
 A = Elapsed time spent in this place.
 B = Non-inter-level travel time spent in this place.
 C = Inter-level travel time spent in this place.
 D = Time resting spent in this place.
 E = Time spent auto-exploring this place.
 F = Levels seen in this place.
 G = Mean time per level.
                   A        B        C        D        E       F      G
               +--------+--------+--------+--------+--------+-----+--------+
         Total |   2203 |   2141 |     62 |    155 |   1456 |   3 |  734.3 |
       Dungeon |   2203 |   2141 |     62 |    155 |   1456 |   3 |  734.3 |
               +--------+--------+--------+--------+--------+-----+--------+

Top non-repeatable levels by time:
     D:2: 933 daAuts
     D:1: 701 daAuts
     D:3: 568 daAuts
